 Dungeon Sprint DCSS version 0.31-a0-1178-gc5c9b8f871 (webtiles) character file.

Game seed: 18372973266678655931

14127 fozzywoppz the Imperceptible (level 11, -19/55 HPs)
             Began as a Spriggan Enchanter on Dec 12, 2023.
             Was the Champion of Sif Muna.
             Demolished by an azure jelly (34 damage)
             ... in the Dungeon (Sprint III: "The Ten Rune Challenge").
             The game lasted 00:15:27 (1666 turns).

fozzywoppz the Imperceptible (Spriggan Enchanter)   Turns: 1666, Time: 00:15:29

Health: -19/55     AC:  5    Str:  6    XL:     11   Next: 84%
Magic:  12/26      EV: 31    Int: 17    God:    Sif Muna [******]
Gold:   1470       SH:  0    Dex: 18    Spells: 9/30 levels left

rFire   . . .        a - +1 dagger
rCold   . . .        (no shield)
rNeg    + . .        m - +2 robe {rN+}
rPois   .            (helmet restricted)
rElec   .            h - +0 cloak
rCorr   .            (gloves unavailable)
SInv    +            (boots unavailable)
Will    +....        (no amulet)
Stlth   ++++++++     (no ring)
HPRegen 0.29/turn    (no ring)
MPRegen 0.20/turn

%: no teleportation
@: very quick
A: very small, no large weapons, unfitting armour, see invisible, speed 3
a: Renounce Religion, Channel Magic, Forget Spell, Divine Exegesis


You were in the Dungeon.
You worshipped Sif Muna.
Sif Muna was exalted by your worship.
You visited 1 branch You collected 1602 gold pieces.
You spent 132 gold pieces at shops.

Inventory:

Hand Weapons
 a - a +1 dagger (weapon)
Missiles
 b - 7 curare-tipped darts
 l - 3 boomerangs
Armour
 h - a +0 cloak (worn)
 m - a +2 robe of positive energy (worn)
Wands
 q - a wand of charming (4)
Scrolls
 o - a scroll of torment
Potions
 c - a potion of invisibility
 d - a potion of curing
 e - a potion of heal wounds
 f - a potion of haste
 g - 2 potions of magic
 j - a potion of resistance {unknown}
 k - 5 potions of mutation
 n - 2 potions of enlightenment
 p - a potion of attraction {unknown}
Miscellaneous
 r - a phantom mirror


   Skills:
 - Level 5.0 Fighting
 - Level 10.0 Short Blades
 + Level 5.6 Throwing
 + Level 17.6 Dodging
 + Level 22.7 Stealth
 - Level 10.0 Spellcasting
 + Level 7.7 Conjurations
 + Level 11.5 Hexes
 + Level 11.6 Invocations


You had 9 spell levels left.
You knew the following spells:

 Your Spells              Type           Power      Damage    Failure   Level
a - Ensorcelled Hibernat  Hex/Ice        56%        N/A       1%          2
b - Confusing Touch       Hex            47%        N/A       1%          3
c - Tukima's Dance        Hex            47%        N/A       1%          3
d - Dazzling Flash        Conj/Hex       82%        N/A       1%          3
e - Fulminant Prism       Conj/Hex       20%        3d12      1%          4
f - Hailstorm             Conj/Ice       21%        3d7       5%          3
g - Inner Flame           Hex/Fire       28%        N/A       2%          3

Your spell library contained the following spells:

 Spells                   Type           Power      Damage    Failure   Level
 Magic Dart               Conj           100%       1d8       1%          1
 Slow                     Hex            100%       N/A       1%          1
 Jinxbite                 Hex            94%        N/A       1%          2
 Cause Fear               Hex            23%        N/A       1%          4
 Summon Guardian Golem    Hex/Summ       28%        N/A       2%          3
 Anguish                  Hex/Necr       14%        N/A       8%          4
 Dimensional Bullseye     Hex/Tloc       14%        N/A       8%          4
 Leda's Liquefaction      Hex/Erth       14%        N/A       8%          4
 Mephitic Cloud           Conj/Pois/Air  17%        N/A       9%          3
 Iskenderun's Battlesphe  Conj           34%        2d9       10%         5
 Silence                  Hex/Air        14%        N/A       22%         5
 Summon Mana Viper        Hex/Summ       28%        N/A       22%         5
 Yara's Violent Unravell  Hex/Tmut       14%        3d7       22%         5
 Gell's Gravitas          Tloc           8%         N/A       26%         3
 Ignite Poison            Fire/Tmut/Pois 8%         N/A       26%         3
 Arcjolt                  Conj/Air       10%        1d20      43%         5
 Enfeeble                 Hex            23%        N/A       54%         7
 Summon Forest            Summ/Tloc      4%         N/A       93%         5
 Orb of Destruction       Conj           17%        9d7       96%         7
 Discord                  Hex            23%        N/A       99%         8
 Eringya's Noxious Bog    Tmut/Pois      4%         4d6       100%        6
 Summon Cactus Giant      Summ           4%         N/A       100%        6
 Malign Gateway           Summ/Tloc      4%         N/A       100%        7
 Summon Horrible Things   Summ           4%         N/A       100%        8


Dungeon Overview and Level Annotations

Branches:
Dungeon (1/1)

Altars:
Cheibriados
Dithmenos
Elyvilon
Fedhas
Gozag
Hepliaklqana
Kikubaaqudgha
Makhleb
Nemelex Xobeh
Okawaru
Qazlal
Ru
Sif Muna
Trog
Uskayaw
Vehumet
Wu Jian
Xom
Yredelemnul
Zin
The Shining One
Jiyva
Lugonu

Shops:
D [


Innate Abilities, Weirdness & Mutations

You are very small and have problems with some larger weapons.
You are too small for most types of armour.
You have supernaturally acute eyesight. (SInv)
You cover ground extremely quickly. (Speed+++)


Message History

Your hands begin to glow red.
You hit the azure jelly but do no damage.
The azure jelly is heavily wounded.
You hit the azure jelly but do no damage.
The azure jelly is heavily wounded.
The azure jelly misses you. The azure jelly hits you!
The azure jelly freezes you!! The azure jelly completely misses you.
The azure jelly hits you but does no damage.
You hit the azure jelly but do no damage.
The azure jelly appears confused.
The azure jelly is moderately wounded.
The azure jelly hits the azure jelly but does no damage.
The azure jelly hits the azure jelly!
The azure jelly freezes the azure jelly!!
The azure jelly resists.
The azure jelly hits the azure jelly.
The azure jelly barely misses the azure jelly.
You hit the azure jelly but do no damage.
The azure jelly is moderately wounded.
You hear a slurping noise.
The azure jelly eats the door!
A dire elephant comes into view.
The dire elephant moves out of view.
You hit the azure jelly but do no damage.
The azure jelly is moderately wounded.
You catch the helpless azure jelly completely off-guard!
You skewer the azure jelly like a kebab!!!
You kill the azure jelly!
Sif Muna accepts your kill.
Training target 10.0 for Spellcasting reached!
Your Spellcasting skill increases to level 10!
You hit the azure jelly but do no damage.
The azure jelly is severely wounded.
Unknown command.
As you read the scroll of torment, it crumbles to dust.
Your body is wracked with pain!
The azure jelly convulses! x3
The azure jelly hits you.
* * * LOW HITPOINT WARNING * * *
The azure jelly freezes you!!
Ouch! That really hurt!
You die...

▓.................#___#v_
▓▓▓▓▓▓▓▓▓▓▓▓▓▓▓▓▓▓▓▓▓▓▓▓▓
+≈~~≈.≈~~~♣♣.....♣♣♣
#~≈~≈§§.≈~♣♣.≈≈≈≈'♣♣ ▓
#≈.~~§§≈≈≈.÷...†.#.~ ▓.
#≈~~§§§≈≈~♣♣♣♣♣♣♣#.. .Y
#≈..~≈≈≈÷.♣ ###
▓##.####'#######♣ ♣♣♣♣
▓...JJJ@........♣♣ ♣†..
▓#'#############+♣ ♣♣.#
▓...# .§Y......♣ ♣..
▓...+ .Y######## ♣♣.
▓...# ♣♣. ▓...# ♣†. #+###
###


You could see 3 azure jellies.

Vanquished Creatures
  Rupert (D)
  Frances (D)
  Donald (D)
  An azure jelly (D)
  Erolcha (D)
  Urug (D)
  2 orc high priests (D)
  A deep elf pyromancer (D)
  An orc knight (D)
  A lindwurm (D)
  An orc sorcerer (D)
  A cane toad (D)
  A rime drake (D)
  A komodo dragon (D)
  3 wandering mushrooms (D)
  5 blink frogs (D)
  2 tyrant leeches (D)
  A shadow (D)
  5 redbacks (D)
  A swamp drake (D)
  4 orc warriors (D)
  5 two-headed ogres (D)
  A necrophage (D)
  A water elemental (D)
  An electric eel (D)
  A jelly (D)
  Crazy Yiuf (D)
  3 orc priests (D)
  Jessica (D)
  An arcanist (D)
  An orc wizard (D)
  A necromancer (D)
  A kobold demonologist (D)
  3 humans (D)
  5 orcs (D)
  3 rats (D)
65 creatures vanquished.

Vanquished Creatures (collateral kills)
  A cane toad (D)
1 creature vanquished.

Vanquished Creatures (others)
  An orc (D)
  3 fulminant prisms (D)
4 creatures vanquished.

Grand Total: 70 creatures vanquished

Notes
Turn   | Place    | Note
-------+----------+-------------------------------------------
     0 | D        | fozzywoppz the Spriggan Enchanter began the quest for the
                  | Orb.
     0 | D        | Reached XP level 1. HP: 9/9 MP: 5/5
    19 | D        | Noticed Jessica
    28 | D        | Killed Jessica
    29 | D        | Reached skill level 6 in Stealth
    29 | D        | Reached XP level 2. HP: 12/13 MP: 6/8
    50 | D        | Learned a level 2 spell: Ensorcelled Hibernation
   115 | D        | Reached skill level 5 in Hexes
   115 | D        | Reached XP level 3. HP: 9/16 MP: 1/10
   186 | D        | Noticed Crazy Yiuf
   193 | D        | Killed Crazy Yiuf
   194 | D        | Reached skill level 5 in Dodging
   194 | D        | Reached skill level 7 in Stealth
   194 | D        | Reached skill level 5 in Spellcasting
   194 | D        | Reached XP level 4. HP: 21/21 MP: 12/12
   238 | D        | Noticed a water elemental
   240 | D        | Killed a water elemental
   241 | D        | Reached skill level 5 in Short Blades
   241 | D        | Reached skill level 8 in Stealth
   244 | D        | Found a radiant altar of Vehumet.
   245 | D        | Found a shimmering blue altar of Sif Muna.
   245 | D        | Found an ancient bone altar of Kikubaaqudgha.
   245 | D        | Noticed an arcanist
   248 | D        | Killed an arcanist
   249 | D        | Reached XP level 5. HP: 23/24 MP: 10/14
   255 | D        | Reached skill level 9 in Stealth
   266 | D        | Became a worshipper of Sif Muna the Loreminder
   274 | D        | Learned a level 3 spell: Confusing Touch
   278 | D        | Learned a level 3 spell: Tukima's Dance
   282 | D        | Learned a level 3 spell: Dazzling Flash
   324 | D        | Found a glowing silver altar of Zin.
   325 | D        | Found a glowing golden altar of the Shining One.
   325 | D        | Found a white marble altar of Elyvilon.
   325 | D        | Noticed a deep elf pyromancer
   327 | D        | Killed a deep elf pyromancer
   328 | D        | Reached skill level 13 in Stealth
   328 | D        | Reached XP level 6. HP: 28/28 MP: 16/16
   328 | D        | Reached XP level 7. HP: 32/32 MP: 17/17
   335 | D        | Found a hide-covered altar of Uskayaw.
   335 | D        | Found an iron altar of Okawaru.
   336 | D        | Found a bloodstained altar of Trog.
   336 | D        | Found an ornate altar of the Wu Jian Council.
   336 | D        | Noticed a human
   336 | D        | Noticed a human
   338 | D        | Killed a human
   339 | D        | Reached skill level 14 in Stealth
   339 | D        | Killed a human
   339 | D        | Reached * piety under Sif Muna
   340 | D        | Reached skill level 10 in Short Blades
   340 | D        | Reached skill level 15 in Stealth
   349 | D        | Found a shadowy altar of Dithmenos.
   350 | D        | Found a basalt altar of Yredelemnul.
   350 | D        | Found a sacrificial altar of Ru.
   381 | D        | Noticed a shadow
   383 | D        | Killed a shadow
   383 | D        | Reached ** piety under Sif Muna
   384 | D        | Reached skill level 1 in Fighting
   384 | D        | Reached skill level 1 in Conjurations
   384 | D        | Reached skill level 1 in Invocations
   384 | D        | Reached XP level 8. HP: 37/37 MP: 16/18
   390 | D        | Found a blossoming altar of Fedhas.
   390 | D        | Found a stormy altar of Qazlal.
   390 | D        | Found a snail-covered altar of Cheibriados.
   390 | D        | Found a burning altar of Makhleb.
   390 | D        | Found a shimmering altar of Xom.
   391 | D        | Found a hazy altar of Hepliaklqana.
   391 | D        | Found an opulent altar of Gozag.
   391 | D        | Found a sparkling altar of Nemelex Xobeh.
   391 | D        | Found a corrupted altar of Lugonu.
   391 | D        | Found a viscous altar of Jiyva.
   431 | D        | Reached *** piety under Sif Muna
   436 | D        | Noticed a two-headed ogre
   439 | D        | Killed a two-headed ogre
   444 | D        | Noticed a two-headed ogre
   444 | D        | Noticed Erolcha
   446 | D        | Killed Erolcha
   447 | D        | Reached skill level 16 in Stealth
   447 | D        | Reached XP level 9. HP: 45/45 MP: 16/19
   447 | D        | Killed a two-headed ogre
   478 | D        | Found Mist's Antique Armour Emporium.
   480 | D        | Noticed an orc sorcerer
   482 | D        | Noticed an orc knight
   482 | D        | Noticed an orc high priest
   482 | D        | Noticed an orc high priest
   484 | D        | Noticed a rust devil
   488 | D        | Reached **** piety under Sif Muna
   488 | D        | Killed an orc sorcerer
   488 | D        | Reached ***** piety under Sif Muna
   488 | D        | Received a gift from Sif Muna
   488 | D        | Killed an orc high priest
   488 | D        | Killed an orc high priest
   489 | D        | Reached skill level 5 in Fighting
   489 | D        | Reached skill level 15 in Dodging
   489 | D        | Reached skill level 19 in Stealth
   489 | D        | Reached skill level 5 in Conjurations
   489 | D        | Reached skill level 10 in Hexes
   489 | D        | Reached XP level 10. HP: 50/51 MP: 20/20
   492 | D        | Killed an orc knight
   493 | D        | Reached skill level 20 in Stealth
   741 | D        | Got Sif Muna's Annotations on Anathema and the Deep Freeze
                  | {god gift}
   807 | D        | Bought a runed robe for 66 gold pieces
   807 | D        | Bought an embroidered robe for 66 gold pieces
   865 | D        | Received a gift from Sif Muna
   866 | D        | Got Laleil's Anthology of Correspondence and Traumaturgy
                  | {god gift}
   964 | D        | Noticed Frances
   965 | D        | Noticed Donald
   968 | D        | Killed Frances
   969 | D        | Reached skill level 21 in Stealth
   969 | D        | Killed Donald
   970 | D        | Reached skill level 10 in Invocations
   970 | D        | Reached XP level 11. HP: 55/55 MP: 20/24
   979 | D        | Learned a level 4 spell: Fulminant Prism
   983 | D        | Learned a level 3 spell: Hailstorm
   987 | D        | Learned a level 3 spell: Inner Flame
  1020 | D        | Reached skill level 1 in Throwing
  1268 | D        | Received a gift from Sif Muna
  1269 | D        | Got Sif Muna's Folio of Nasty Maleficia {god gift}
  1281 | D        | Noticed a lindwurm
  1284 | D        | Killed a lindwurm
  1292 | D        | Noticed Urug
  1295 | D        | Killed Urug
  1296 | D        | Reached skill level 22 in Stealth
  1299 | D        | Noticed a four-headed hydra
  1299 | D        | Noticed a six-headed hydra
  1301 | D        | Reached ****** piety under Sif Muna
  1351 | D        | Received a gift from Sif Muna
  1352 | D        | Got Sif Muna's Vademecum on Gathered Bad Luck {god gift}
  1464 | D        | Noticed Rupert
  1483 | D        | HP: 1/55 [Rupert/+2 great mace of protection (31)]
  1487 | D        | Killed Rupert
  1488 | D        | Reached skill level 5 in Throwing
  1627 | D        | Noticed a death yak
  1628 | D        | Noticed a death yak
  1642 | D        | Noticed an azure jelly
  1642 | D        | Noticed an azure jelly
  1642 | D        | Noticed an azure jelly
  1642 | D        | Noticed an azure jelly
  1661 | D        | Noticed a dire elephant
  1664 | D        | Killed an azure jelly
  1665 | D        | Reached skill level 10 in Spellcasting
  1666 | D        | Demolished by an azure jelly

Illustrated notes

Levels and vault maps discovered:
D:        dungeon_sprint_mu [sprint_mu_entry_forest, sprint_mu_temple_rooms,
          sprint_mu_d1_spiders, sprint_mu_d2_genie, sprint_mu_d3_branching,
          sprint_mu_orc_legion, sprint_mu_elf_gauntlet, sprint_mu_hive_nellie,
          sprint_mu_lair_fedhas, sprint_mu_vaults_butterflies,
          sprint_mu_slime_circle, sprint_mu_swamp_cave, sprint_mu_shoals_kraken,
          sprint_mu_blade_basic, sprint_mu_crypt_chambers,
          sprint_mu_tomb_spiral, sprint_mu_vestibule_basic,
          sprint_mu_gehenna_hellfire, sprint_mu_dis_giant,
          sprint_mu_tartarus_statrot, sprint_mu_cocytus_islands, sprint_mu_zot1]

Skill      XL: |  1  2  3  4  5  6  7  8  9 10 11 |
---------------+----------------------------------+-----
Dodging        | 4 5 7 11 13 14 15 16 17 | 17.6
Spellcasting   | 4 5 6 8 10 | 10.0
Short Blades   | 2 3 5 9 10 | 10.0
Stealth        | 6 7 8 13 15 16 19 21 22 | 22.7
Hexes          | 4 5 6 8 10 11 | 11.5
Fighting       | 1 3 5 |  5.0
Conjurations   | 1 3 5 6 7 |  7.7
Invocations    | 1 4 7 10 11 | 11.6
Throwing       | 5 |  5.6

Action                     |  1- 3 |  4- 6 |  7- 9 | 10-12 || total
---------------------------+-------+-------+-------+-------++-------
  Melee: Dagger            |    19 |     7 |    35 |    73 ||   134
         Punch             |       |       |       |     1 ||     1
   Cast: Ensorcelled Hiber |     3 |     4 |     1 |     9 ||    17
         Confusing Touch   |       |       |     2 |     8 ||    10
         Fulminant Prism   |       |       |       |     3 ||     3
  Evoke: Wand              |       |       |     1 |     2 ||     3
         Phantom mirror    |       |       |     1 |     1 ||     2
    Use: Potion            |     1 |       |       |     3 ||     4
         Scroll            |       |       |     3 |     2 ||     5
   Stab: Sleeping          |     3 |     4 |    11 |    18 ||    36
         Confused          |       |       |       |     5 ||     5
         Invisible         |       |       |       |     1 ||     1
 Armour: Robe              |     3 |     4 |     1 |    16 ||    24
  Dodge: Dodged            |    10 |     4 |    13 |    36 ||    63

Table legend: (Time is in decaauts)
 A = Elapsed time spent in this place.
 B = Non-inter-level travel time spent in this place.
 C = Inter-level travel time spent in this place.
 D = Time resting spent in this place.
 E = Time spent auto-exploring this place.
 F = Levels seen in this place.
 G = Mean time per level.
                   A        B        C        D        E       F      G
               +--------+--------+--------+--------+--------+-----+--------+
         Total |   1423 |   1422 |      1 |    845 |      0 |   1 | 1423.0 |
       Dungeon |   1423 |   1422 |      1 |    845 |      0 |   1 | 1423.0 |
               +--------+--------+--------+--------+--------+-----+--------+

Top non-repeatable levels by time:
       D: 1423 daAuts
